 Dungeon Crawl Stone Soup version 0.31-a0-187-gba352fbbf7 (webtiles) character file.

Game seed: 14676969514843633987

62 qw the Shooter (level 3, -1/20 HPs)
             Began as a Deep Elf Hunter on June 22, 2023.
             Succumbed to their own poison gas
             ... on level 2 of the Dungeon.
             The game lasted 00:00:36 (1470 turns).

qw the Shooter (Deep Elf Hunter)                    Turns: 1470, Time: 00:00:37

Health: -1/20      AC:  5    Str: 10    XL:     3   Next: 85%
Magic:  5/5        EV: 11    Int: 13    God:
Gold:   69         SH:  0    Dex: 18    Spells: 2/2 levels left

rFire   . . .        Y - +2 shortbow
rCold   . . .        (shield currently unavailable)
rNeg    . . .        d - +0 ring mail
rPois   .            (no helmet)
rElec   .            (no cloak)
rCorr   .            (no gloves)
SInv    .            (no boots)
Will    .....        e - amulet of regeneration
Stlth   +            (no ring)
HPRegen 1.03/turn    (no ring)
MPRegen 0.09/turn

%: no passive effects
@: lethally poisoned (-1 -> -6)
A: no striking features
a: no special abilities


You were on level 2 of the Dungeon.
You visited 1 branch of the dungeon, and saw 2 of its levels.

You collected 69 gold pieces.


   Skills:
 - Level 1.5 Fighting
 + Level 7.3 Ranged Weapons
 - Level 2.4 Dodging
 - Level 1.2 Stealth


You had 2 spell levels left.
You didn't know any spells.
Your spell library was empty.

Inventory:

Hand Weapons
 Y - a +2 shortbow (weapon)
Armour
 d - a +0 ring mail (worn)
Jewellery
 e - an amulet of regeneration (around neck)
Scrolls
 g - 2 scrolls of identify
 h - a scroll of teleportation
Potions
 f - a potion of heal wounds

Dungeon Overview and Level Annotations

Branches:
Dungeon (2/15)

Altars:

Shops:
D:1 (


Message History

1466 ||| READING 3 scrolls of identify.
As you read the scroll of identify, it crumbles to dust.
f - a potion of heal wounds;
1466 ||| IDENTIFYING emerald potion Done exploring.
(D) Dungeon
Where to? (* - list waypoints, Enter - D:2, ? - help)
What level of the Dungeon? (default 1, ? - help) Sorry, I don't know how to get there.
Enter note:
Enter note:
Enter note:
Enter note:
Enter note:
Enter note:
Enter note:
Enter note:
Enter note:
Enter note:
Enter note:
Enter note:
Enter note:
Enter note:
Enter note:
Enter note:
Enter note:
Enter note:
Enter note:
Enter note:
Enter note: Really walk into that cloud of poison gas?
You are engulfed in poison gas.
You are poisoned.
You feel very sick.
1468 ||| Stepping ~*~*~tactically~*~*~ (cloud).
You feel very sick.
Things that are here:
an amulet of magic regeneration; a +0 leather armour
There is a lethal amount of poison in your body!
You feel very sick.
There is a lethal amount of poison in your body!
You die...

..####....................#..#
...............¤¤¤¤.....#.#..##
...............#¤¤#.#####.....#
..####..##..##.¤0¤¤..........##
..####..##..####¤¤######..##.##
......(.......¤¤¤¤¤...........#
...............¤¤¤######..##.##
..#########.####¤#######..##.#
..# #.# #@¤¤¤¤¤¤¤.###.# ..# #.#
########### #.# ..#############
#.# ..............# #.#
..############# #.# ### ###


There were no monsters in sight!

Vanquished Creatures
  An adder (D:2)
  A worm (D:1)
  2 dart slugs
  7 bats
  6 endoplasms (D:1)
  4 hobgoblins
  2 jackals (D:1)
  5 quokkas
  2 ball pythons
  2 frilled lizards
  2 goblins (D:1)
  6 kobolds
  4 rats
44 creatures vanquished.

Notes
Turn   | Place    | Note
-------+----------+-------------------------------------------
     0 | D:1      | qw the Deep Elf Hunter began the quest for the Orb.
     0 | D:1      | Reached XP level 1. HP: 12/12 MP: 3/3
     0 | D:1      | 0 ||| qw: Version: 0.3-a-9-g12657ce
     0 | D:1      | 0 ||| qw: Game counter: 2614
     0 | D:1      | 0 ||| qw: Always use a shield: true
     0 | D:1      | 0 ||| qw: God list: Okawaru
     0 | D:1      | 0 ||| qw: Allow faded altars: false
     0 | D:1      | 0 ||| qw: Do Orc after D:15 true
     0 | D:1      | 0 ||| qw: Do second Lair branch before Depths: true
     0 | D:1      | 0 ||| qw: Lair rune preference: random
     0 | D:1      | 0 ||| qw: Plans: Normal
     0 | D:1      | 0 ||| PLANNING D:1-11
   213 | D:1      | Reached skill level 6 in Ranged Weapons
   213 | D:1      | Reached XP level 2. HP: 16/16 MP: 4/4
   461 | D:1      | Reached XP level 3. HP: 19/20 MP: 5/5
   469 | D:1      | Found Kucral Kergh's Weapon Shoppe.
   601 | D:1      | 601 ||| READING 2 scrolls labelled VOULEKL DOSHRAMU.
   602 | D:1      | 602 ||| READING 4 scrolls labelled KIOXAN SAT XIL.
   603 | D:1      | 603 ||| READING 2 scrolls labelled VUFFUAH VEVAQU.
   607 | D:1      | 607 ||| DRINKING 2 black potions.
   608 | D:1      | 608 ||| READING 3 scrolls of identify.
   608 | D:1      | 608 ||| IDENTIFYING fizzy red potion
   609 | D:1      | 609 ||| DROPPING scroll of amnesia.
   610 | D:1      | 610 ||| DROPPING scroll of butterflies.
   611 | D:1      | 611 ||| DROPPING potion of attraction.
   612 | D:1      | 612 ||| DROPPING potion of brilliance.
   625 | D:2      | 625 ||| STAIRDANCE
   715 | D:2      | Reached skill level 7 in Ranged Weapons
   734 | D:2      | Identified the +1 mace "Tycykhue" {venom, rC+}
  1446 | D:2      | 1446 ||| UPGRADING to +0 ring mail.
  1456 | D:2      | 1456 ||| DROPPING +0 leather armour.
  1457 | D:2      | 1457 ||| UPGRADING to amulet of regeneration.
  1462 | D:2      | 1462 ||| DROPPING amulet of magic regeneration.
  1463 | D:2      | 1463 ||| READING 2 scrolls labelled FAPICA BUANAEZ.
  1464 | D:2      | 1464 ||| READING scroll of enchant weapon.
  1464 | D:2      | 1464 ||| ENCHANTING +1 shortbow.
  1465 | D:2      | 1465 ||| READING scroll labelled GOFRINL JIUN.
  1466 | D:2      | 1466 ||| READING 3 scrolls of identify.
  1466 | D:2      | 1466 ||| IDENTIFYING emerald potion
  1468 | D:2      | 1468 ||| Stepping ~*~*~tactically~*~*~ (cloud).
  1468 | D:2      | HP: 3/20 [poisoned by you (poison gas)]
  1469 | D:2      | HP: 1/20 [poisoned by you (poison gas)]
  1470 | D:2      | Succumbed to their own poison gas

Levels and vault maps discovered:
D:1:      lightli_arrival_statuegarden, layout_loops_ring, serial_shops,
          nicolae_shop_bloodbath_and_beyond
D:2:      layout_basic

Skill      XL: |  1  2  3 |
---------------+----------+-----
Ranged Weapons | 6 7 |  7.3
Fighting       | |  1.5
Dodging        | |  2.4
Stealth        | |  1.2

Action                     || total
---------------------------++-------
   Fire: Shortbow          ||   119
    Use: Scroll            ||     8
         Potion            ||     1
 Armour: Leather armour    ||     7
  Dodge: Dodged            ||    23

Table legend:
 A = Non-vault XP
 B = Vault XP
 C = Vault XP percentage of total XP
 D = Non-vault monster count
 E = Vault monster count
 F = Vault count percentage of total count
                 A         B        C        D         E       F
            +---------+---------+-------+---------+---------+-------
      Total |      89 |       0 |   0.0 |      44 |       0 |   0.0
            +---------+---------+-------+---------+---------+-------
        D:1 |      57 |       0 |   0.0 |      32 |       0 |   0.0
        D:2 |      32 |       0 |   0.0 |      12 |       0 |   0.0
            +---------+---------+-------+---------+---------+-------
